 Dungeon Crawl Stone Soup version 0.31.0-11-ge490571c62 (webtiles) character file.

Game seed: 16607840033211832651

2251 Curundu the Cleaver (level 9, -6/79 HPs)
             Began as a Minotaur Berserker on Jan 28, 2024.
             Was a Priest of Trog.
             Shot with an arrow by a centaur (8 damage)
             ... on level 7 of the Dungeon.
             The game lasted 00:19:23 (6536 turns).

Curundu the Cleaver (Minotaur Berserker)            Turns: 6536, Time: 00:19:24

Health: -6/79      AC: 14    Str: 27    XL:     9   Next: 15%
Magic:  8/8        EV:  6    Int:  4    God:    Trog [***...]
Gold:   240        SH: 12    Dex:  9    Spells: 8/8 levels left

rFire   . . .        a - +0 hand axe
rCold   . . .        q - +1 tower shield
rNeg    . . .        D - +0 plate armour
rPois   +            (helmet restricted)
rElec   .            (no cloak)
rCorr   .            y - +0 pair of gloves
SInv    .            (no boots)
Will    .....        (no amulet) Stlth
                     s - ring of poison resistance
HPRegen 0.33/turn    (no ring)
MPRegen 0.11/turn

%: no passive effects
@: silenced, weak-willed
A: horns 2, retaliatory headbutt
a: Renounce Religion


You were on level 7 of the Dungeon.
You worshipped Trog.
Trog was most pleased with you.
You visited 2 branches of the dungeon, and saw 8 of its levels.
You also visited: Sewer.

You collected 303 gold pieces.
You spent 63 gold pieces at shops.

Inventory:

Hand Weapons
 a - a +0 hand axe (weapon)
Missiles
 r - 6 javelins (quivered)
Armour
 q - a +1 tower shield (worn)
 y - a +0 pair of gloves (worn)
 D - a +0 plate armour (worn)
Jewellery
 s - a ring of poison resistance (left hand)
Wands
 g - a wand of flame (17)
 w - a wand of iceblast (8)
 z - a wand of polymorph (5)
 A - a wand of paralysis (9)
 B - a wand of mindburst (19)
Scrolls
 f - 5 scrolls of teleportation
 l - a scroll of fear
Potions
 b - 2 potions of mutation
 c - 3 potions of heal wounds
 h - 2 potions of lignification
 i - 2 potions of curing
 j - 2 potions of cancellation
 k - 2 potions of might
 m - a potion of experience {unknown}
 t - a potion of invisibility {unknown}
 x - a potion of haste {unknown}


   Skills:
 + Level 7.1 Fighting
 + Level 9.6 Axes
 + Level 7.6 Armour
 * Level 4.5 Dodging
 + Level 1.1 Stealth
 + Level 3.7 Shields
 * Level 1.4 Evocations


You had 8 spell levels left.
You didn't know any spells.
Your spell library was empty.

Dungeon Overview and Level Annotations

Branches:
Dungeon (7/15)             Temple (1/1) D:4           Sewer (visited)

Altars:
Ashenzari
Cheibriados
Dithmenos
Fedhas
Hepliaklqana
Kikubaaqudgha
Makhleb
Okawaru
Qazlal
Trog
Uskayaw
Vehumet
Wu Jian
Xom
Yredelemnul
Zin
The Shining One

Shops:
D:2 [   D:4 !(:[


Innate Abilities, Weirdness & Mutations

You have a pair of horns on your head.
You reflexively headbutt those who attack you in melee.


Message History

The centaur wields a +0 orcbow.
The centaur shoots an arrow.
The arrow hits you.
The centaur shoots an arrow.
The arrow hits you!
The centaur shoots an arrow.
The arrow hits you.
The centaur shoots an arrow.
You block the arrow.
The centaur wields a +0 orcbow.
The centaur shoots an arrow.
You block the arrow.
The centaur wields a +0 orcbow.
The centaur shoots an arrow.
You block the arrow.
The centaur shoots an arrow.
The arrow barely misses you.
The centaur shoots an arrow.
The arrow hits you!
The centaur shoots an arrow.
The arrow hits you but does no damage.
The centaur shoots an arrow.
The arrow hits you.
The centaur shoots an arrow.
The arrow barely misses you.
The centaur shoots an arrow.
You block the arrow.
The centaur shoots an arrow.
The arrow hits you.
The centaur shoots an arrow.
The arrow hits you.
The centaur shoots an arrow.
The arrow hits you.
The centaur shoots an arrow.
You block the arrow.
The centaur shoots an arrow.
You block the arrow.
The centaur shoots an arrow.
You block the arrow.
The centaur shoots an arrow.
The arrow hits you but does no damage.
The centaur shoots an arrow.
The arrow hits you but does no damage.
The centaur shoots an arrow.
You block the arrow.
The centaur shoots an arrow.
The arrow hits you.
* * * LOW HITPOINT WARNING * * *
The centaur shoots an arrow.
The arrow hits you.
* * * LOW HITPOINT WARNING * * *
Magic scrolls do not work when you're silenced!
The centaur shoots an arrow.
The arrow hits you.
* * * LOW HITPOINT WARNING * * *
The centaur shoots an arrow.
You block the arrow.
The centaur shoots an arrow.
The arrow hits you but does no damage.
The centaur shoots an arrow.
The arrow hits you!
* * * LOW HITPOINT WARNING * * *
The centaur shoots an arrow.
You block the arrow.
The centaur shoots an arrow.
The arrow hits you.
* * * LOW HITPOINT WARNING * * *
The centaur shoots an arrow.
The arrow barely misses you.
The centaur shoots an arrow.
You block the arrow.
The centaur shoots an arrow.
The arrow hits you but does no damage.
The centaur shoots an arrow.
You block the arrow.
The centaur shoots an arrow.
The arrow hits you but does no damage.
The centaur shoots an arrow.
The arrow hits you!
You die...

≈≈≈≈≈≈≈≈cccc..≈≈≈≈≈≈
≈≈≈≈≈≈≈≈≈≈cc≈≈≈≈≈≈≈
≈≈≈≈≈≈≈≈≈≈≈≈≈≈≈≈≈
≈≈≈≈≈≈≈≈≈≈≈≈≈≈#
#≈≈≈≈≈≈≈≈...
##≈≈≈≈.##.# #
###.........# .
.##.#####.### ###
.##..##@#####.####
#..
#.#..##.##.......#
#.. #.[.
.....##.##.# ..##
##.# ##.## #[##.#
#.###..# #.. ..##.#
# #....#.#
############§###
###.#.#..#.# #.....#
#§§§#
.....)...#.###.....#
###§#
......#.##........<#
##§##


You could see 2 centaurs.

Vanquished Creatures
  Pikel (D:5)
  Grinder (D:3)
  Pargi (D:3)
  A black bear (D:6)
  A lemure (D:5)
  A phantom (D:6)
  A centaur (D:7)
  4 kobold brigands (Sewer)
  2 brain worms (Sewer)
  A gnoll sergeant (D:6)
  2 scorpions (D:5)
  3 bombardier beetles
  4 hounds
  2 orc priests (D:6)
  A jelly (D:5)
  4 iguanas
  7 gnolls
  9 adders
  4 river rats
  4 dart slugs
  5 orcs
  7 endoplasms
  3 giant cockroaches
  6 goblins
  6 hobgoblins
  13 jackals
  5 kobolds
  3 quokkas
  11 ball pythons
  4 bats
  9 frilled lizards
  8 rats
134 creatures vanquished.

Notes
Turn   | Place    | Note
-------+----------+-------------------------------------------
     0 | D:1      | Curundu the Minotaur Berserker began the quest for the Orb.
     0 | D:1      | Reached XP level 1. HP: 19/19 MP: 0/0
   164 | D:1      | Reached XP level 2. HP: 23/27 MP: 1/1
   210 | D:1      | Reached skill level 4 in Axes
   588 | D:2      | Reached ** piety under Trog
   590 | D:2      | Reached XP level 3. HP: 34/34 MP: 2/2
   821 | D:2      | Found Kebiracs's Antique Armour Shop.
  1256 | D:3      | Found a glowing drain.
  1268 | D:3      | Reached XP level 4. HP: 41/41 MP: 3/3
  1357 | Sewer    | Entered a sewer
  1378 | Sewer    | Noticed a kobold brigand
  1393 | Sewer    | Killed a kobold brigand
  1394 | Sewer    | Reached skill level 5 in Axes
  1394 | Sewer    | Reached XP level 5. HP: 16/47 MP: 4/4
  1533 | Sewer    | Reached skill level 5 in Fighting
  1959 | Sewer    | Reached XP level 6. HP: 32/56 MP: 1/5
  2079 | Sewer    | Reached skill level 6 in Axes
  2121 | Sewer    | Reached *** piety under Trog
  2122 | Sewer    | Reached skill level 5 in Armour
  2249 | Sewer    | Reached XP level 7. HP: 53/62 MP: 6/6
  2656 | D:3      | Noticed Grinder
  2657 | D:3      | Paralysed by Grinder for 4 turns
  2670 | D:3      | Killed Grinder
  2941 | D:3      | Reached skill level 7 in Axes
  3452 | D:3      | Noticed Pargi
  3470 | D:3      | Killed Pargi
  3718 | D:4      | Found Geemil's Armour Shop.
  3732 | D:4      | Bought a +0 tower shield for 63 gold pieces
  3828 | D:4      | Found a staircase to the Ecumenical Temple.
  3904 | Temple   | Entered the Ecumenical Temple
  4038 | D:4      | Reached skill level 1 in Stealth
  4281 | D:4      | Found a shadowy altar of Dithmenos.
  4284 | D:4      | Found a hide-covered altar of Uskayaw.
  4284 | D:4      | Found a glowing silver altar of Zin.
  4355 | D:4      | Found Ivi Kuel's Book Shop.
  4431 | D:4      | Noticed a +0 triple sword
  4433 | D:4      | Found Ritaimat's Weapon Boutique.
  4435 | D:4      | Noticed a +0 rapier
  4527 | D:4      | Reached XP level 8. HP: 71/71 MP: 7/7
  4538 | D:4      | Found Jiolis's Distillery.
  4817 | D:5      | Entered Level 5 of the Dungeon
  4822 | D:5      | Reached skill level 1 in Shields
  4877 | D:5      | Noticed Pikel
  4892 | D:5      | Killed Pikel
  4893 | D:5      | Reached skill level 8 in Axes
  5651 | D:6      | Reached skill level 9 in Axes
  6038 | D:6      | Reached XP level 9. HP: 76/78 MP: 8/8
  6143 | D:6      | Reached skill level 1 in Evocations
  6535 | D:7      | HP: 3/79 [centaur/arrow (9)]
  6536 | D:7      | Shot with an arrow by a centaur

Illustrated notes

Levels and vault maps discovered:
D:1:      zelgadis_glass_arrival_small, layout_rooms
D:2:      layout_basic, serial_shops, shop
D:3:      layout_basic, portal_sewer_entry_c, columned_hall_lemuel,
          uniq_grinder, uniq_pargi
D:4:      layout_basic, grunt_temple_overflow_open,
          minmay_temple_entry_statues_pillars, serial_shops,
          nicolae_book_shop_shelving, shop, shop, nicolae_shop_mannequins,
          grunt_ministairs_5, minmay_misc_feat_four_crosses
D:5:      layout_loops_ring, uniq_pikel
D:6:      layout_loops_cross
D:7:      layout_loops_cross, enter_bailey_8, centaur_isle
Temple:   nicolae_temple_superstar

Skill      XL: |  1  2  3  4  5  6  7  8  9 |
---------------+----------------------------+-----
Axes           | 4 5 6 7 9 |  9.6
Fighting       | 4 5 6 7 |  7.1
Armour         | 3 4 5 6 7 |  7.6
Dodging        | 3 4 |  4.5
Stealth        | 1 |  1.1
Shields        | 3 |  3.7
Evocations     | 1 |  1.4

Action                     |  1- 3 |  4- 6 |  7- 9 || total
---------------------------+-------+-------+-------++-------
  Melee: Hand axe          |    67 |   107 |   196 ||   370
         Headbutt          |    10 |    21 |    44 ||    75
         Punch             |       |     2 |       ||     2
  Throw: Javelin           |       |       |     2 ||     2
 Invoke: Trog's Hand       |       |     1 |     3 ||     4
         Berserk           |       |     1 |     2 ||     3
    Use: Scroll            |     1 |       |    13 ||    14
 Armour: Animal skin       |    15 |       |       ||    15
         Ring mail         |    32 |    56 |    72 ||   160
         Scale mail        |       |       |    85 ||    85
         Plate armour      |       |       |    45 ||    45
  Dodge: Dodged            |    38 |    36 |    83 ||   157
  Block: Tower shield      |       |       |   120 ||   120
